 Dungeon Crawl Stone Soup version 0.28-a0-2-g643f2454ad (webtiles) character file.

Game seed: 7660040129369946618

30 PentaManta the Ruffian (level 3, -1/30 HPs)
             Began as a Ghoul Gladiator on July 22, 2021.
             Slain by Sigmund (7 damage)
             ... on level 2 of the Dungeon.
             The game lasted 00:01:11 (1382 turns).

PentaManta the Ruffian (Ghoul Gladiator)            Turns: 1382, Time: 00:01:12

Health: -1/30      AC:  4    Str: 16 (18) XL:     3   Next: 18%
Magic:  2/2        EV: 12    Int:  2 (3)  God:
Gold:   61         SH:  0    Dex: 10      Spells: 2/2 levels left

rFire   . . .      SeeInvis .     - Unarmed
rCold   + . .      Faith    .   (no shield)
rNeg    + + +      Spirit   .   a - +0 leather armour
rPois   ∞          Reflect  .   b - +0 helmet
rElec   .          Harm     .   (no cloak)
rCorr   .          Rampage  .   (no gloves)
Will    .....                   (no boots)
Stlth   +.........              (no amulet)
HPRegen 0.00/turn               (no ring)
MPRegen 0.08/turn               (no ring)

@: inhibited regen
A: claws 1, cold resistance 1, negative energy resistance 3, inhibited
regeneration, torment resistance 2
a: no special abilities


You were on level 2 of the Dungeon.
You visited 1 branch of the dungeon, and saw 2 of its levels.

You collected 61 gold pieces.

Inventory:

Armour
 a - a +0 leather armour (worn)
 b - a +0 helmet (worn)
Scrolls
 d - a scroll of identify {unknown}
 f - a scroll of noise {unknown}
 h - a scroll of fog {unknown}
Potions
 g - a potion of curing {unknown}


   Skills:
 + Level 2.8 Fighting
 - Level 1.7 Throwing
 - Level 2.6 Dodging
 * Level 4.2 Unarmed Combat


You had 2 spell levels left.
You didn't know any spells.
Your spell library contained the following spells:

 Spells                   Type           Power      Damage    Failure   Level
 Sting                    Tmut/Pois      0%         1d3       63%         1
 Poisonous Vapours        Pois/Air       0%         N/A       77%         2
 Olgreb's Toxic Radiance  Pois           0%         N/A       100%        4


Dungeon Overview and Level Annotations

Branches:
Dungeon (2/15)

Altars:

Annotations:
D:2 Sigmund


Innate Abilities, Weirdness & Mutations

You thrive by killing the living.
You are immune to poison.
You have sharp fingernails.
Your flesh is cold resistant. (rC+)
You are immune to negative energy. (rN+++)
You do not regenerate when monsters are visible.
You are immune to unholy pain and torment.


Message History

You claw the hobgoblin!
You kill the hobgoblin!
No target in view!
No target in view!
Sigmund the Dreaded comes into view.
He is wielding a +0 scythe.
Sigmund gestures at you while chanting.
You are confused.
Sigmund is nearby!
Sigmund is nearby!
Sigmund is nearby!
You are too confused!
You bump into the rock wall.
Sigmund casts a spell at you. The puff of flame hits you.
Non-targeted confused throw: 3 throwing nets
Press: ? - help, Q - select action Dir - look around, f - activate Look: Sigmund, wielding a +0 scythe and wearing a +0 robe (31% to hit)
You throw a throwing net.
Sigmund hits you from afar with a +0 scythe.
Non-targeted confused throw: 2 throwing nets
Press: ? - help, Q - select action Dir - look around, f - activate Look: Sigmund, wielding a +0 scythe and wearing a +0 robe (31% to hit)
You throw a throwing net.
Sigmund hits you from afar with a +0 scythe!
Non-targeted confused throw: throwing net
Press: ? - help, Q - select action Dir - look around, f - activate Look: Sigmund, wielding a +0 scythe and wearing a +0 robe (31% to hit)
You throw a throwing net.
Sigmund hits you from afar with a +0 scythe.
* * * LOW HITPOINT WARNING * * *
It was a potion of mutation.
You feel extremely strange.
Your body decomposes!
You feel weakened.
Your body decomposes!
You feel dopey.
Your body decomposes!
You feel weakened.
You feel less confused.
Sigmund hits you from afar with a +0 scythe!
You die...

.... #.# #... ..#
#... #.# #..# #.#
#w #..# ###.##
###.##..###..
.@..
.............
#.## #. #†# #..
#@(# #. #.# #..
##.# #.# #.# #..
#.# ##.###†###..
#.# #..<..).##..
#.# ##........#..
#.# #...........#
#.# #...........#
#.###.........#.#
#.............##.


You could see Sigmund.

Vanquished Creatures
  An adder (D:2)
  A worm (D:2)
  2 bats (D:1)
  A giant cockroach (D:1)
  4 hobgoblins
  A kobold (D:2)
  A quokka (D:1)
  2 ball pythons
  A frilled lizard (D:1)
  5 rats
19 creatures vanquished.

Notes
Turn   | Place    | Note
-------+----------+-------------------------------------------
     0 | D:1      | PentaManta the Ghoul Gladiator began the quest for the Orb.
     0 | D:1      | Reached XP level 1. HP: 17/17 MP: 0/0
   141 | D:1      | Found a faded altar of an unknown god.
   531 | D:1      | Reached XP level 2. HP: 25/25 MP: 1/1
  1286 | D:2      | Reached skill level 4 in Unarmed Combat
  1286 | D:2      | Reached XP level 3. HP: 22/30 MP: 2/2
  1376 | D:2      | Noticed Sigmund
  1382 | D:2      | Slain by Sigmund

Illustrated notes

Levels and vault maps discovered:
D:1:      lightli_arrival_quake, layout_basic,
          hellmonk_ecumenical_altar_crossroads, minmay_ruptured
D:2:      layout_loops_ring, amcnicky_mini_pool_small,
          kennysheep_generic_room_8, uniq_sigmund

Skill      XL: |  1  2 |
---------------+-------+-----
Unarmed Combat | 4 |  4.2
Fighting       | |  2.8
Throwing       | |  1.7
Dodging        | |  2.6

Action                   || total
-------------------------++-------
Melee: Unarmed           ||    48
       Punch             ||     1
Throw: Throwing net      ||     3
  Use: Potion            ||     1
Armor: Leather armour    ||    10
Dodge: Dodged            ||    25

Table legend: (Time is in decaauts)
 A = Elapsed time spent in this place.
 B = Non-inter-level travel time spent in this place.
 C = Inter-level travel time spent in this place.
 D = Time resting spent in this place.
 E = Time spent auto-exploring this place.
 F = Levels seen in this place.
 G = Mean time per level.
                   A        B        C        D        E       F      G
               +--------+--------+--------+--------+--------+-----+--------+
         Total |   1378 |   1294 |     84 |      0 |   1189 |   2 |  689.0 |
       Dungeon |   1378 |   1294 |     84 |      0 |   1189 |   2 |  689.0 |
               +--------+--------+--------+--------+--------+-----+--------+

Top non-repeatable levels by time:
     D:1: 1263 daAuts
     D:2: 114 daAuts
